NYP
HUDSON VALLEY RENEGADES @ LOWELL SPINNERS
04/23/2047
 
TOP OF THE 1ST
Hudson Valley Renegades batting - Pitching for Lowell Spinners : LHP David Schultz
Pitching: LHP David Schultz
Batting: SHB Chris Lockart 0-0: Ball
1-0: Ground out 3-1 (Groundball, 13, EV 85.6 MPH)
Batting: RHB Khalil Walker 0-0: SINGLE (Line Drive, 89S, EV 105.6 MPH)
Batting: LHB Rocky Crowley 0-0: Ball
Khalil Walker is caught stealing 2nd base 2-6
1-0: Called Strike
1-1: Called Strike
1-2: Strikes out swinging
Top of the 1st over - 0 runs, 1 hit, 0 errors, 0 left on base; Hudson Valley 0 - Lowell 0
BOTTOM OF THE 1ST
Lowell Spinners batting - Pitching for Hudson Valley Renegades : RHP Cameron Bianchi
Pitching: RHP Cameron Bianchi
Batting: RHB Curt Stallings 0-0: Called Strike
0-1: Swinging Strike
0-2: Ball
1-2: Strikes out looking
Batting: RHB Bobby Schimke 0-0: Ground out 5-3 (Groundball, 56, EV 81.2 MPH)
Batting: SHB Robert Soto 0-0: Ball
1-0: Ball
2-0: Foul Ball, location: 2F
2-1: Foul Ball, location: 2F
2-2: Foul Ball, location: 2F
2-2: SINGLE (Groundball, 4S, EV 69.4 MPH) (infield hit)
Batting: RHB Scott Hawkins 0-0: Hit by Pitch
Robert Soto to second
Batting: SHB Salvador Padilla 0-0: Ball
1-0: Foul Ball, location: 2F
1-1: Ball
2-1: Foul Ball, location: 2F
2-2: Fielders Choice at 2nd, 6-4 (Groundball, 6D, EV 98.8 MPH)
Bottom of the 1st over - 0 runs, 1 hit, 0 errors, 2 left on base; Hudson Valley 0 - Lowell 0
TOP OF THE 2ND
Hudson Valley Renegades batting - Pitching for Lowell Spinners : LHP David Schultz
Batting: RHB Wil Urban 0-0: Foul Ball, location: 2F
0-1: Foul Ball, location: 2F
0-2: Ground out 5-3 (Groundball, 5L, EV 81.2 MPH)
Batting: LHB Jonathan Spino 0-0: Ground out 4-3 (Groundball, 4, EV 80.6 MPH)
Batting: RHB Nelle Lommen 0-0: Called Strike
0-1: DOUBLE (Groundball, 3L, EV 101.9 MPH)
Batting: RHB Jesus Carrillo 0-0: Called Strike
0-1: Hit by Pitch
Batting: SHB Josif Popovski 0-0: DOUBLE (Line Drive, 7LM, EV 105.6 MPH)
Nelle Lommen scores
Jesus Carrillo to third
Runner from 3rd tries for Home, throw by LF and OUT! 7-6-2
Top of the 2nd over - 1 run, 2 hits, 0 errors, 1 left on base; Hudson Valley 1 - Lowell 0
BOTTOM OF THE 2ND
Lowell Spinners batting - Pitching for Hudson Valley Renegades : RHP Cameron Bianchi
Batting: SHB Eric Evans 0-0: Called Strike
0-1: Called Strike
0-2: Ball
1-2: Ball
2-2: Ball
3-2: Ground out 5-3 (Groundball, 56, EV 81.2 MPH)
Batting: RHB Jose Molina 0-0: Foul Ball, location: 2F
0-1: Ball
1-1: Ground out 4-3 (Groundball, 4, EV 109.4 MPH)
Batting: RHB Randy Schmitt 0-0: Ball
1-0: Foul Ball, location: 2F
1-1: Foul Ball, location: 2F
1-2: SINGLE (Groundball, 25, EV 62.5 MPH) (infield hit)
Batting: LHB Joel Soto 0-0: Called Strike
0-1: Ground out U3 (Groundball, 3, EV 88.1 MPH)
Bottom of the 2nd over - 0 runs, 1 hit, 0 errors, 1 left on base; Hudson Valley 1 - Lowell 0
TOP OF THE 3RD
Hudson Valley Renegades batting - Pitching for Lowell Spinners : LHP David Schultz
Batting: LHB Jeremy Burton 0-0: Swinging Strike
0-1: Ball
1-1: Ball
2-1: Ground out 6-3 (Groundball, 6M, EV 110.0 MPH)
Batting: SHB Chris Lockart 0-0: Foul Ball, location: 2F
0-1: SINGLE (Groundball, 25, EV 72.5 MPH) (infield hit)
Batting: RHB Khalil Walker 0-0: Called Strike
0-1: Ball
Chris Lockart steals 2nd base (no throw)
1-1: DOUBLE (Line Drive, 78D, EV 110.6 MPH)
Chris Lockart scores
Batting: LHB Rocky Crowley 0-0: Called Strike
Khalil Walker steals 3rd base
0-1: Ball
1-1: Foul Ball, location: 2F
1-2: Strikes out swinging
Batting: RHB Wil Urban 0-0: Foul Ball, location: 2F
0-1: 2-RUN HOME RUN (Flyball, 7D, EV 96.9 MPH), Distance : 379 ft
Batting: LHB Jonathan Spino 0-0: Ball
1-0: Called Strike
1-1: Ball
2-1: Called Strike
2-2: Foul Ball, location: 2F
2-2: Strikes out swinging
Top of the 3rd over - 3 runs, 3 hits, 0 errors, 0 left on base; Hudson Valley 4 - Lowell 0
BOTTOM OF THE 3RD
Lowell Spinners batting - Pitching for Hudson Valley Renegades : RHP Cameron Bianchi
Batting: RHB Curt Stallings 0-0: Ground out 4-3 (Groundball, 34, EV 98.8 MPH)
Batting: RHB Bobby Schimke 0-0: Ball
1-0: Ball
2-0: Called Strike
2-1: Called Strike
2-2: Fly out, F7 (Line Drive, 7, EV 85.0 MPH)
Batting: SHB Robert Soto 0-0: Ball
1-0: Ground out 4-3 (Groundball, 4, EV 81.2 MPH)
Bottom of the 3rd over - 0 runs, 0 hits, 0 errors, 0 left on base; Hudson Valley 4 - Lowell 0
TOP OF THE 4TH
Hudson Valley Renegades batting - Pitching for Lowell Spinners : LHP David Schultz
Batting: RHB Nelle Lommen 0-0: Fly out, F8 (Flyball, 8RXD, EV 91.9 MPH)
Batting: RHB Jesus Carrillo 0-0: Called Strike
0-1: Ball
1-1: SINGLE (Groundball, 34D, EV 98.8 MPH)
Batting: SHB Josif Popovski 0-0: Ground out 4-3 (Groundball, 34, EV 86.2 MPH)
Jesus Carrillo to second
Batting: LHB Jeremy Burton 0-0: Ball
1-0: Ball
2-0: Foul Ball, location: 2F
2-1: Fly out, F7 (Flyball, 7, EV 93.1 MPH)
Top of the 4th over - 0 runs, 1 hit, 0 errors, 1 left on base; Hudson Valley 4 - Lowell 0
BOTTOM OF THE 4TH
Lowell Spinners batting - Pitching for Hudson Valley Renegades : RHP Cameron Bianchi
Batting: RHB Scott Hawkins 0-0: Called Strike
0-1: Foul Ball, location: 2F
0-2: Strikes out swinging
Batting: SHB Salvador Padilla 0-0: SINGLE (Line Drive, 6D, EV 101.9 MPH)
Batting: SHB Eric Evans 0-0: Called Strike
0-1: Ball
1-1: Swinging Strike
1-2: Ball
2-2: Ball
3-2: Foul Ball, location: 2F
3-2: Fly out, F6 (Line Drive, 6, EV 69.4 MPH)
Batting: RHB Jose Molina 0-0: Ball
1-0: Called Strike
1-1: SINGLE (Groundball, 34D, EV 104.4 MPH)
Salvador Padilla to second
Runner from 2nd tries for 3rd, SAFE, throw by RF made to third
Batting: RHB Randy Schmitt 0-0: Foul Ball, location: 2F
0-1: Ball
1-1: Fielders Choice at 2nd, 6-4 (Groundball, 6, EV 88.1 MPH)
Bottom of the 4th over - 0 runs, 2 hits, 0 errors, 2 left on base; Hudson Valley 4 - Lowell 0
TOP OF THE 5TH
Hudson Valley Renegades batting - Pitching for Lowell Spinners : LHP David Schultz
Batting: SHB Chris Lockart 0-0: Called Strike
0-1: Ball
1-1: Foul Ball, location: 2F
1-2: Strikes out swinging
Batting: RHB Khalil Walker 0-0: SINGLE (Flyball, 8RS, EV 83.8 MPH)
Batting: LHB Rocky Crowley 0-0: Ball
1-0: Fly out, F9 (Line Drive, 9, EV 103.1 MPH)
Batting: RHB Wil Urban 0-0: Called Strike
0-1: Ball
1-1: Foul Ball, location: 2F
Pickoff Play to 1st, Runner tries for 2nd, OUT after rundown.
Top of the 5th over - 0 runs, 1 hit, 0 errors, 0 left on base; Hudson Valley 4 - Lowell 0
BOTTOM OF THE 5TH
Lowell Spinners batting - Pitching for Hudson Valley Renegades : RHP Cameron Bianchi
Batting: LHB Joel Soto 0-0: Ground out 6-3 (Groundball, 6, EV 110.6 MPH)
Batting: RHB Curt Stallings 0-0: Called Strike
0-1: Called Strike
0-2: Ball
1-2: Ball
2-2: Ball
3-2: Ground out 4-3 (Groundball, 4, EV 78.1 MPH)
Batting: RHB Bobby Schimke 0-0: Swinging Strike
0-1: Ball
1-1: Called Strike
1-2: Foul Ball, location: 2F
1-2: Foul Ball, location: 2F
1-2: Fly out, F8 (Flyball, 8RXD, EV 110.0 MPH)
Bottom of the 5th over - 0 runs, 0 hits, 0 errors, 0 left on base; Hudson Valley 4 - Lowell 0
TOP OF THE 6TH
Hudson Valley Renegades batting - Pitching for Lowell Spinners : LHP David Schultz
Batting: RHB Wil Urban 0-0: Ball
1-0: Ball
2-0: Ball
3-0: Base on Balls
Batting: LHB Jonathan Spino 0-0: Called Strike
0-1: SINGLE (Groundball, 34D, EV 94.4 MPH)
Wil Urban to second
Runner from 2nd tries for 3rd, SAFE, no throw by RF
Batting: RHB Nelle Lommen 0-0: Called Strike
0-1: Ball
1-1: Ball
2-1: Ball
3-1: Called Strike
3-2: Grounds into double play, 5-4-3 (Groundball, 5, EV 100.0 MPH)
Wil Urban scores
Pitching: RHP Marco Benavente
Batting: RHB Jesus Carrillo 0-0: Called Strike
0-1: Ground out 5-3 (Groundball, 56, EV 103.1 MPH)
Top of the 6th over - 1 run, 1 hit, 0 errors, 0 left on base; Hudson Valley 5 - Lowell 0
BOTTOM OF THE 6TH
Lowell Spinners batting - Pitching for Hudson Valley Renegades : RHP Cameron Bianchi
Batting: SHB Robert Soto 0-0: Ball
1-0: Foul Ball, location: 2F
1-1: Swinging Strike
1-2: Ball
2-2: Fly out, F8 (Flyball, 78D, EV 90.0 MPH)
Batting: RHB Scott Hawkins 0-0: Ground out 3-1 (Groundball, 13, EV 78.8 MPH)
Batting: SHB Salvador Padilla 0-0: Ball
1-0: Ball
2-0: Called Strike
2-1: Foul Ball, location: 2F
2-2: Fly out, F8 (Flyball, 8RM, EV 95.6 MPH)
Bottom of the 6th over - 0 runs, 0 hits, 0 errors, 0 left on base; Hudson Valley 5 - Lowell 0
TOP OF THE 7TH
Hudson Valley Renegades batting - Pitching for Lowell Spinners : RHP Marco Benavente
Batting: SHB Josif Popovski 0-0: Foul Ball, location: 2F
0-1: Ground out U3 (Groundball, 34, EV 108.8 MPH)
Batting: LHB Jeremy Burton 0-0: Foul Ball, location: 2F
0-1: Ground out 4-3 (Groundball, 13, EV 83.8 MPH)
Batting: SHB Chris Lockart 0-0: Foul Ball, location: 2F
0-1: Swinging Strike
0-2: Ball
1-2: Foul Ball, location: 2F
1-2: Ball
2-2: SOLO HOME RUN (Flyball, 9LD, EV 90.0 MPH), Distance : 335 ft
Batting: RHB Khalil Walker 0-0: Called Strike
0-1: Hit by Pitch
Batting: LHB Rocky Crowley 0-0: Called Strike
0-1: Called Strike
Khalil Walker steals 2nd base (no throw)
0-2: Ball
1-2: SINGLE (Groundball, 6S, EV 69.4 MPH) (infield hit)
Khalil Walker to third
Batting: RHB Wil Urban 0-0: Ball
1-0: Ball
2-0: Fielders Choice at 2nd, 5-4 (Groundball, 56, EV 81.2 MPH)
Top of the 7th over - 1 run, 2 hits, 0 errors, 2 left on base; Hudson Valley 6 - Lowell 0
BOTTOM OF THE 7TH
Lowell Spinners batting - Pitching for Hudson Valley Renegades : RHP Cameron Bianchi
Batting: SHB Eric Evans 0-0: Called Strike
0-1: Ball
1-1: Called Strike
1-2: SINGLE (Line Drive, 34, EV 97.5 MPH)
Batting: RHB Jose Molina 0-0: Ball
1-0: Ball
2-0: Grounds into double play, 5-4-3 (Groundball, 56, EV 83.8 MPH)
Batting: RHB Randy Schmitt 0-0: Ball
1-0: Foul Ball, location: 2F
1-1: Ball
2-1: Swinging Strike
2-2: Strikes out swinging
Bottom of the 7th over - 0 runs, 1 hit, 0 errors, 0 left on base; Hudson Valley 6 - Lowell 0
TOP OF THE 8TH
Hudson Valley Renegades batting - Pitching for Lowell Spinners : RHP Marco Benavente
Batting: LHB Jonathan Spino 0-0: Called Strike
0-1: Foul Ball, location: 2F
0-2: Foul Ball, location: 2F
0-2: TRIPLE (Line Drive, 78XD, EV 108.1 MPH)
Batting: RHB Nelle Lommen 0-0: Ball
Wild Pitch!
Jonathan Spino scores
1-0: Swinging Strike
1-1: Called Strike
1-2: Ball
2-2: Ball
3-2: Base on Balls
Pitching: RHP Victor Escobar
Batting: RHB Jesus Carrillo 0-0: Called Strike
0-1: Foul Ball, location: 2F
0-2: Strikes out swinging
Batting: SHB Josif Popovski 0-0: Called Strike
0-1: Called Strike
0-2: Ground out 6-3 (Groundball, 6MS, EV 83.8 MPH)
Nelle Lommen to second
Batting: LHB Jeremy Burton 0-0: Ball
1-0: Swinging Strike
1-1: Ball
2-1: Ball
3-1: Called Strike
3-2: Strikes out swinging
Top of the 8th over - 1 run, 1 hit, 0 errors, 1 left on base; Hudson Valley 7 - Lowell 0
BOTTOM OF THE 8TH
Lowell Spinners batting - Pitching for Hudson Valley Renegades : RHP Cameron Bianchi
Batting: LHB Joel Soto 0-0: Ball
1-0: Ball
2-0: Foul Ball, location: 2F
2-1: DOUBLE (Flyball, 78D, EV 100.0 MPH)
Batting: RHB Curt Stallings 0-0: Called Strike
0-1: Ball
1-1: Foul Ball, location: 2F
1-2: Ball
Wild Pitch!
Joel Soto to third
2-2: Foul Ball, location: 2F
2-2: Ball
3-2: Base on Balls
Pinch Hitting: RHB Ted Emmerich 0-0: Called Strike
0-1: Foul Ball, location: 2F
0-2: Strikes out looking
Batting: SHB Robert Soto 0-0: Ball
1-0: Swinging Strike
1-1: Swinging Strike
1-2: Strikes out swinging
Pitching: LHP Chris Bates
Batting: RHB Scott Hawkins 0-0: Fly out, F9 (Line Drive, 89M, EV 106.9 MPH)
Bottom of the 8th over - 0 runs, 1 hit, 0 errors, 2 left on base; Hudson Valley 7 - Lowell 0
TOP OF THE 9TH
Hudson Valley Renegades batting - Pitching for Lowell Spinners : RHP Victor Escobar
Now at SS: Ted Emmerich
Batting: SHB Chris Lockart 0-0: Foul Ball, location: 2F
0-1: Ground out 4-3 (Groundball, 4, EV 87.5 MPH)
Batting: RHB Khalil Walker 0-0: Ball
1-0: Ground out 5-3 (Groundball, 56, EV 106.9 MPH)
Batting: LHB Rocky Crowley 0-0: Foul Ball, location: 2F
0-1: Swinging Strike
0-2: Foul Ball, location: 2F
0-2: Ball
1-2: Foul Ball, location: 2F
1-2: Ball
2-2: Ball
3-2: Ground out U3 (Groundball, 34, EV 85.0 MPH)
Top of the 9th over - 0 runs, 0 hits, 0 errors, 0 left on base; Hudson Valley 7 - Lowell 0
BOTTOM OF THE 9TH
Lowell Spinners batting - Pitching for Hudson Valley Renegades : LHP Chris Bates
Batting: SHB Salvador Padilla 0-0: Ball
1-0: Ball
2-0: Ball
3-0: Base on Balls
Batting: SHB Eric Evans 0-0: Called Strike
0-1: Swinging Strike
0-2: Foul Ball, location: 2F
0-2: Strikes out swinging
Batting: RHB Jose Molina 0-0: Foul Ball, location: 2F
0-1: Ball
1-1: Swinging Strike
1-2: Strikes out swinging
Batting: RHB Randy Schmitt 0-0: Ball
1-0: Ball
2-0: Foul Ball, location: 2F
2-1: Foul Ball, location: 2F
2-2: Ball
3-2: Base on Balls
Salvador Padilla to second
Pinch Hitting: RHB Dave Burwell 0-0: Foul Ball, location: 2F
0-1: Ball
1-1: Ball
2-1: Swinging Strike
2-2: Strikes out swinging
Bottom of the 9th over - 0 runs, 0 hits, 0 errors, 2 left on base; Hudson Valley 7 - Lowell 0
Thursday, December 15th , 2022 - OOTP Baseball 23.9 Build 102